 Dungeon Crawl Stone Soup version 0.31-a0-369-g8eba5f6939 (webtiles) character file.

Game seed: 10768559595770097835

43 arthad the Shield-Bearer (level 3, -5/24 HPs)
             Began as a Gargoyle Fighter on July 28, 2023.
             Slain by an ogre
             ... wielding a +0 giant club
              (10 damage)
             ... on level 4 of the Dungeon.
             The game lasted 00:02:29 (759 turns).

arthad the Shield-Bearer (Gargoyle Fighter)          Turns: 759, Time: 00:02:29

Health: -5/24      AC: 10    Str: 21    XL:     3   Next: 58%
Magic:  3/3        EV:  9    Int:  8    God:
Gold:   74         SH:  4    Dex:  9    Spells: 2/2 levels left

rFire   . . .        a - +0 flail
rCold   . . .        c - +0 buckler
rNeg    + . .        b - +0 scale mail
rPois   ∞            (no helmet)
rElec   +            (no cloak)
rCorr   .            (no gloves)
SInv    .            (no boots)
Will    .....        e - amulet of the acrobat Stlth
                     (no ring)
HPRegen 0.24/turn    (no ring)
MPRegen 0.08/turn

%: acrobat
@: mighty
A: sickness immunity, AC +3, negative energy resistance 1, electricity
resistance, torment resistance 1, petrification resistance
a: no special abilities


You were on level 4 of the Dungeon.
You visited 1 branch of the dungeon, and saw 3 of its levels.

You collected 74 gold pieces.

Inventory:

Hand Weapons
 a - a +0 flail (weapon)
 j - a +3 vampiric dagger
Armour
 b - a +0 scale mail (worn)
 c - a +0 buckler (worn)
Jewellery
 e - an amulet of the acrobat (around neck)
Scrolls
 f - a scroll of noise
 g - a scroll of teleportation
 h - a scroll of identify {unknown}
 i - a scroll of butterflies {unknown}


   Skills:
 + Level 3.7 Fighting
 + Level 2.5 Maces & Flails
 + Level 3.7 Armour
 + Level 3.7 Shields


You had 2 spell levels left.
You didn't know any spells.
Your spell library was empty.

Dungeon Overview and Level Annotations

Branches:
Dungeon (2/15)

Altars:

Annotations:
D:4 Menkaure


Innate Abilities, Weirdness & Mutations

You are immune to sickness and miasma.
Your stone body is resilient. (AC +3)
You are immune to poison.
You resist negative energy. (rN+)
You are resistant to electric shocks. (rElec)
You are resistant to unholy torment.
You are immune to petrification.


Message History

Unknown command.
You see here a scroll of teleportation.
g - a scroll of teleportation You see here 18 gold pieces.
You now have 74 gold pieces (gained 18).
An orc comes into view. It is wielding a +0 dagger.
The orc shouts!
You hear an angry growl.
An adder comes into view.
The adder hisses angrily.
The adder completely misses you.
An ogre comes into view. It is wielding a +0 giant club.
The ogre shouts!
The adder completely misses you. The adder attacks as you move away!
You block the adder's attack.
You feel very mighty all of a sudden. The adder closely misses you.
The adder completely misses you.
You closely miss the adder. The adder barely misses you.
You thump the orc!
You kill the orc!
You block the adder's attack. The adder closely misses you.
You block the ogre's attack.
You sock the ogre!
The ogre is heavily wounded.
The adder closely misses you. The adder bites you.
* * * LOW HITPOINT WARNING * * *
You hit the ogre.
The ogre is heavily wounded.
The ogre hits you with a +0 giant club.
* * * LOW HITPOINT WARNING * * *
The adder bites you.
* * * LOW HITPOINT WARNING * * *
The adder bites you but does no damage.
You sock the ogre!
The ogre is almost dead.
The ogre barely misses you. You block the adder's attack.
Menkaure opens the door.
You barely miss the ogre.
The ogre is almost dead.
The adder barely misses you. The ogre hits you with a +0 giant club!
You die...

.......................... #
.......................o.o##
.............######..##.M.oo
.............# .##...##
.######.###### . #... #
######.###..## ... ...$.##
..............#M..........#.
..........SO..'......##...##
.##......##@.## . #... #
#......##..# #... #
#.......#..# #..######..#
#+# #..# #..# .... #..#


You could see an ogre, Menkaure and an adder.

Vanquished Creatures
  An adder (D:2)
  A worm (D:2)
  An orc (D:4)
  3 bats (D:1)
  3 endoplasms (D:1)
  3 goblins
  2 hobgoblins (D:1)
  2 quokkas
  6 ball pythons
  A frilled lizard (D:1)
  2 kobolds
  3 rats
28 creatures vanquished.

Notes
Turn   | Place    | Note
-------+----------+-------------------------------------------
     0 | D:1      | arthad the Gargoyle Fighter began the quest for the Orb.
     0 | D:1      | Reached XP level 1. HP: 14/14 MP: 1/1
   176 | D:1      | Reached XP level 2. HP: 19/19 MP: 2/2
   651 | D:2      | Reached XP level 3. HP: 24/24 MP: 3/3
   717 | D:2      | You fall into a shaft and drop 2 floors!
   724 | D:4      | Noticed Menkaure
   731 | D:4      | HP: 1/24 [orc priest/divine providence (15)]
   748 | D:4      | Noticed an ogre
   759 | D:4      | Slain by an ogre

Illustrated notes

Levels and vault maps discovered:
D:1:      minmay_arrival_loop, layout_basic, minmay_fountain_box,
          serial_bayou_pond_d
D:2:      layout_rooms, basic_altar, kennysheep_generic_room_6,
          uniq_crazy_yiuf_cottage
D:4:      layout_gridville, nicolae_overflow_hidden_temple,
          nicolae_shop_vocational, uniq_sigmund, uniq_menkaure, uniq_pikel

Action                     || total
---------------------------++-------
  Melee: Flail             ||    92
    Use: Scroll            ||     2
         Potion            ||     1
 Armour: Scale mail        ||    52
  Dodge: Dodged            ||    59
  Block: Buckler           ||    21

Table legend: (Time is in decaauts)
 A = Elapsed time spent in this place.
 B = Non-inter-level travel time spent in this place.
 C = Inter-level travel time spent in this place.
 D = Time resting spent in this place.
 E = Time spent auto-exploring this place.
 F = Levels seen in this place.
 G = Mean time per level.
                   A        B        C        D        E       F      G
               +--------+--------+--------+--------+--------+-----+--------+
         Total |    790 |    734 |     56 |      0 |    472 |   3 |  263.3 |
       Dungeon |    790 |    734 |     56 |      0 |    472 |   3 |  263.3 |
               +--------+--------+--------+--------+--------+-----+--------+

Top non-repeatable levels by time:
     D:1: 638 daAuts
     D:2: 106 daAuts
     D:4: 44 daAuts
